 Dungeon Crawl Stone Soup version 0.25.0-9-g26727b657a (webtiles) character file.

Game seed: 6941738651971448181

15103 Delamore the Bludgeoner (level 12, -3/72 HPs)
             Began as a Gargoyle Fighter on June 18, 2020.
             Was the Champion of Okawaru.
             Slain by a skeletal warrior
             ... wielding a +1 vampiric hand axe
              (13 damage)
             ... on level 11 of the Dungeon.
             The game lasted 00:20:59 (13586 turns).

Delamore the Bludgeoner (Gargoyle Fighter)         Turns: 13586, Time: 00:20:59

Health: -3/72      AC: 26    Str: 24    XL:     12   Next: 23%
Magic:  12/12      EV: 17    Int: 10    God:    Okawaru [******]
Gold:   513        SH: 12    Dex:  9    Spells: 11/11 levels left

rFire    . . .     SeeInvis .   Q - +4 morningstar (curse)
rCold    + . .     Gourm    .   c - +1 kite shield
rNeg     + . .     Faith    +   r - +0 plate armour
rPois    ∞         Spirit   .   x - +1 helmet
rElec    +         Reflect  .   H - +1 cloak of Starlight {rElec rC+ EV+4 Stlth--}
rCorr    .         Harm     .   (no gloves)
MR       .....                  (no boots)
Stlth    ..........             e - amulet of faith
HPRegen  0.22/turn              y - +4 ring of evasion
MPRegen  0.13/turn              D - +4 ring of evasion

@: no status effects
A: slimy green scales 1, mutation resistance 1, negative energy resistance 1,
electricity resistance, unbreathing, petrification resistance, rot immunity, AC
+8
a: Heroism, Finesse, Renounce Religion


You were on level 11 of the Dungeon.
You worshipped Okawaru.
Okawaru was exalted by your worship.
You were near starving.

You visited 2 branches of the dungeon, and saw 13 of its levels.
You also visited: Ossuary and Bailey.

You collected 513 gold pieces.

Inventory:

Hand Weapons
 a - a +0 flail
 E - a +0 flail of protection
 I - a +1 flail of draining
 Q - a cursed +4 morningstar (weapon)
Missiles
 S - 5 atropa-tipped darts (quivered)
Armour
 c - a +1 kite shield (worn)
 r - a +0 plate armour (worn)
 x - a +1 helmet (worn)
 H - the +1 cloak of Starlight (worn) {rElec rC+ EV+4 Stlth--}
   (You found it in a bailey)

   It affects your evasion (+4).
   It protects you from cold.
   It insulates you from electricity.
   It makes you much less stealthy.
Jewellery
 e - an amulet of faith (around neck)
 y - a +4 ring of evasion (left hand)
 D - a +4 ring of evasion (right hand)
 R - an uncursed ring of magical power
Wands
 j - a wand of paralysis (10)
 F - a wand of enslavement (7)
 J - a wand of flame (5)
 K - a wand of polymorph (9)
 O - a wand of acid (11)
Scrolls
 b - 8 scrolls of identify
 g - 3 scrolls of magic mapping
 k - 2 scrolls of torment {unknown}
 l - 2 scrolls of blinking {unknown}
 o - 3 scrolls of teleportation {unknown}
 p - 2 scrolls of enchant armour
 q - 6 scrolls of remove curse
 t - a scroll of random uselessness {unknown}
 u - 4 scrolls of noise {unknown}
 A - 5 scrolls of amnesia
 C - 2 scrolls of fog
 N - 2 scrolls of immolation {unknown}
Potions
 d - 4 potions of might
 h - 4 potions of stabbing
 i - 5 potions of haste
 m - 6 potions of curing
 n - 2 potions of mutation
 s - 3 potions of flight
 v - a potion of invisibility {unknown}
 w - 4 potions of heal wounds
 z - a potion of brilliance {unknown}
 B - 4 potions of lignification
 L - a potion of degeneration {unknown}
 M - a potion of ambrosia {unknown}
 P - a potion of berserk rage {unknown}
Miscellaneous
 G - a phial of floods
Comestibles
 f - 22 rations


   Skills:
 - Level 7.5 Fighting
 + Level 16.5 Maces & Flails
 - Level 3.2 Armour
 - Level 7.5 Shields


You had 11 spell levels left.
You didn't know any spells.
Your spell library contained the following spells:

 Spells                   Type           Power        Failure   Level  Hunger
 Animate Skeleton         Necr           N/A          100%        1    ##.....
 Foxfire                  Conj/Fire      #...         100%        1    ##.....
 Infusion                 Chrm           #...         100%        1    ##.....
 Pain                     Necr           #...         100%        1    ##.....
 Shock                    Conj/Air       #...         100%        1    ##.....
 Summon Small Mammal      Summ           #...         100%        1    ##.....
 Call Imp                 Summ           #.......     100%        2    ###....
 Shroud of Golubria       Chrm/Tloc      #.....       100%        2    ###....
 Song of Slaying          Chrm           #.......     100%        2    ###....
 Swiftness                Chrm/Air       #.......     100%        2    ###....
 Call Canine Familiar     Summ           #.......     100%        3    ####...
 Conjure Flame            Conj/Fire      #.......     100%        3    ####...
 Inner Flame              Hex/Fire       #.......     100%        3    ####...
 Ozocubu's Armour         Chrm/Ice       #.......     100%        3    ####...
 Spectral Weapon          Hex/Chrm       #.......     100%        3    ####...
 Static Discharge         Conj/Air       #.......     100%        3    ####...
 Summon Guardian Golem    Hex/Summ       #.......     100%        3    ####...
 Vampiric Draining        Necr           #.........   100%        3    ####...
 Airstrike                Air            #.........   100%        4    #####..
 Animate Dead             Necr           N/A          100%        4    #####..
 Sticky Flame             Conj/Fire      #.......     100%        4    #####..
 Summon Ice Beast         Ice/Summ       #.......     100%        4    #####..
 Summon Lightning Spire   Summ/Air       #.......     100%        4    #####..
 Agony                    Necr           #.......     100%        5    ######.
 Fireball                 Conj/Fire      #.........   100%        5    ######.
 Lightning Bolt           Conj/Air       #.........   100%        5    ######.


Dungeon Overview and Level Annotations

Branches:
Dungeon (12/15)            Temple (1/1) D:6            Lair (0/6) D:9
Ossuary (visited)          Bailey (visited)
    Orc: D:9-12

Altars:
Ashenzari
Cheibriados
Dithmenos
Elyvilon
Fedhas
Gozag
Hepliaklqana
Kikubaaqudgha
Makhleb
Nemelex Xobeh
Okawaru
Qazlal
Ru
Sif Muna
Trog
Uskayaw
Vehumet
Wu Jian
Xom
Yredelemnul
Zin
The Shining One

Shops:
D:6 :

Annotations:
D:9 3 runed translucent doors, Tixazyof's ghost, novice GnAr


Innate Abilities, Weirdness & Mutations

You are resistant to torment.
Your stone body is resilient. (AC +8)
You are immune to poison.
You resist negative energy. (rN+)
You are resistant to electric shocks. (rElec)
You can survive without breathing.
You are immune to petrification.
You are immune to rotting.
You are partially covered in slimy green scales. (AC +2)
You are somewhat resistant to further mutation.


Message History

The skeletal warrior is severely damaged.
You hit the skeletal warrior but do no damage.
The skeletal warrior is severely damaged.
You block the skeletal warrior's attack.
You hit the skeletal warrior.
The skeletal warrior is severely damaged.
You block the skeletal warrior's attack.
You closely miss the skeletal warrior.
The skeletal warrior is severely damaged.
You barely miss the skeletal warrior.
The skeletal warrior is severely damaged.
You block the skeletal warrior's attack.
You hit the skeletal warrior but do no damage.
The skeletal warrior is severely damaged.
The skeletal warrior hits you with a +1 vampiric hand axe!
* * * LOW HITPOINT WARNING * * *
You hit the skeletal warrior.
The skeletal warrior is severely damaged.
The skeletal warrior hits you with a +1 vampiric hand axe!
You die...

....##........##.....+...........
....##........##.....#......#....
....##...............#......#####
....##...............#......#####
....##...............#......#....
############+###.....+......#....
..>............#.....#...##.#....
..............>#.....#...##.#....
..#............z@....#...##.#....
...........###.#............#....
...........# #....#.#.#.#...#####
...........###...######)##.##
.<.).)[........#..#..)#)#..#
[..........#####.##.#)#)##.#
..8.8.8.......##..#.#.#)#..#
).............##.##.#§#.##.#
..............##..#.#...#..#


You could see a skeletal warrior.

Vanquished Creatures
  Erolcha (D:11)
  Erica (D:10)
  3 two-headed ogres
  An unseen horror (D:11)
  2 orc knights (Bailey)
  2 ugly things (D:11)
  A cyclops (D:11)
  Maurice (D:8)
  A gargoyle (D:11)
  A centaur skeleton (D:11)
  2 trolls
  A hippogriff (D:10)
  A hungry ghost (D:9)
  7 yaks
  A steam dragon (D:8)
  Edmund (D:5)
  A soldier ant (D:11)
  An acid dragon (D:11)
  8 orc warriors
  A floating eye (D:11)
  2 ice beasts (D:10)
  2 black bears
  3 sky beasts
  4 ogres
  2 phantoms
  4 centaurs
  A crocodile (D:11)
  A big kobold (D:9)
  9 bullfrogs
  A gnoll sergeant (D:7)
  3 scorpions
  A jelly (D:9)
  9 wights
  5 howler monkeys
  5 crimson imps
  2 bullfrog zombies
  2 centaur zombies
  2 quasits
  7 orc priests
  3 hounds
  Crazy Yiuf (D:4)
  2 bullfrog skeletons
  7 orc wizards
  4 iguanas
  16 worker ants
  A killer bee zombie (D:6)
  A hound zombie (D:8)
  A howler monkey zombie (D:9)
  3 mummies (Ossuary)
  9 gnolls
  16 adders
  A shadow imp (D:8)
  3 oozes
  6 adder zombies (Ossuary)
  3 adder skeletons
  2 worms (D:2)
  4 dart slugs
  6 leopard geckos
  47 orcs
  9 bats
  5 giant cockroaches
  11 goblins
  9 hobgoblins
  11 jackals
  10 kobolds
  5 quokkas
  3 ball pythons
  2 frilled lizards
  A giant cockroach zombie (D:5)
  3 goblin zombies
  A hobgoblin zombie (Ossuary)
  A kobold zombie (Ossuary)
  2 quokka skeletons (D:5)
  5 quokka zombies
  9 rats
  5 rat zombies
331 creatures vanquished.

Notes
Turn   | Place    | Note
-------+----------+-------------------------------------------
     0 | D:1      | Delamore the Gargoyle Fighter began the quest for the Orb.
     0 | D:1      | Reached XP level 1. HP: 14/14 MP: 1/1
   148 | D:1      | Reached XP level 2. HP: 19/19 MP: 2/2
   421 | D:1      | Reached skill level 3 in Maces & Flails
   588 | D:1      | Reached XP level 3. HP: 18/23 MP: 3/3
  1307 | D:2      | Reached skill level 4 in Maces & Flails
  1348 | D:2      | Reached XP level 4. HP: 24/28 MP: 4/4
  1586 | D:2      | Found a shattered altar of Ashenzari.
  2079 | D:3      | Reached skill level 5 in Maces & Flails
  2080 | D:3      | Reached XP level 5. HP: 32/32 MP: 5/5
  2798 | D:3      | Found a faded altar of an unknown god.
  3143 | D:4      | Reached skill level 6 in Maces & Flails
  3183 | D:4      | Found a sand-covered staircase.
  3196 | Ossuary  | Entered an ossuary
  3210 | Ossuary  | Reached XP level 6. HP: 2/37 MP: 6/6
  4090 | D:4      | Reached skill level 7 in Maces & Flails
  4433 | D:4      | Found a runed translucent door.
  4436 | D:4      | Noticed Crazy Yiuf
  4565 | D:4      | Killed Crazy Yiuf
  4565 | D:4      | Reached XP level 7. HP: 41/41 MP: 7/7
  4638 | D:5      | Entered Level 5 of the Dungeon
  5114 | D:5      | Found a stormy altar of Qazlal.
  5209 | D:5      | Reached skill level 8 in Maces & Flails
  5667 | D:5      | Reached skill level 9 in Maces & Flails
  5667 | D:5      | Reached XP level 8. HP: 44/46 MP: 8/8
  5688 | D:5      | Noticed Edmund
  5705 | D:5      | Killed Edmund
  6061 | D:6      | Reached skill level 10 in Maces & Flails
  6118 | D:6      | Noticed a troll
  6147 | D:6      | Killed a troll
  6368 | D:6      | Found Piolucyd's Book Emporium.
  6461 | D:6      | Found a staircase to the Ecumenical Temple.
  6468 | Temple   | Entered the Ecumenical Temple
  6638 | Temple   | Became a worshipper of Warmaster Okawaru
  6667 | Temple   | Reached skill level 11 in Maces & Flails
  6681 | D:6      | Reached XP level 9. HP: 49/51 MP: 9/9
  7413 | D:7      | Reached * piety under Okawaru
  7561 | D:7      | Reached skill level 12 in Maces & Flails
  7928 | D:7      | Gained mutation: You are somewhat resistant to further
                  | mutation. [potion of mutation]
  7928 | D:7      | Gained mutation: You are partially covered in slimy green
                  | scales. (AC +2) [potion of mutation]
  8011 | D:8      | Found a hide-covered altar of Uskayaw.
  8043 | D:8      | Noticed Maurice
  8056 | D:8      | Killed Maurice
  8056 | D:8      | Reached ** piety under Okawaru
  8056 | D:8      | Reached skill level 13 in Maces & Flails
  8135 | D:8      | Found a flagged portal.
  8159 | Bailey   | Entered a bailey
  8225 | Bailey   | Noticed an orc knight
  8249 | Bailey   | Killed an orc knight
  8249 | Bailey   | Reached XP level 10. HP: 37/56 MP: 8/10
  8369 | Bailey   | Noticed an orc knight
  8373 | Bailey   | Found the +1 cloak of Starlight {rElec rC+ EV+4 Stlth--}
  8373 | Bailey   | Found the +3 robe of Folly {Archmagi, MR-- Int+5}
  8424 | Bailey   | Killed an orc knight
  8424 | Bailey   | Reached *** piety under Okawaru
  8424 | Bailey   | Reached skill level 14 in Maces & Flails
  8425 | Bailey   | Found a bloodstained altar of Trog.
  9008 | D:8      | Found a burning altar of Makhleb.
  9689 | D:9      | Reached **** piety under Okawaru
  9689 | D:9      | Reached skill level 5 in Fighting
  9689 | D:9      | Reached skill level 5 in Shields
  9938 | D:9      | Found a radiant altar of Vehumet.
 10126 | D:9      | Found a staircase to the Lair.
 10266 | D:9      | Found a runed translucent gate.
 10266 | D:9      | Found a runed translucent gate.
 10267 | D:9      | Found a runed translucent gate.
 10267 | D:9      | Noticed Tixazyof's ghost (novice GnAr)
 10475 | D:10     | Entered Level 10 of the Dungeon
 10562 | D:10     | Noticed a two-headed ogre
 10573 | D:10     | Killed a two-headed ogre
 10573 | D:10     | Reached XP level 11. HP: 67/67 MP: 8/11
 11692 | D:11     | Reached ***** piety under Okawaru
 11902 | D:11     | Noticed a cyclops
 11921 | D:11     | Killed a cyclops
 12031 | D:11     | Noticed Erica
 12051 | D:11     | Received a gift from Okawaru
 12248 | D:10     | Killed Erica
 12267 | D:11     | Noticed a two-headed ogre
 12272 | D:11     | Reached skill level 15 in Maces & Flails
 12278 | D:11     | Killed a two-headed ogre
 12585 | D:11     | Noticed a white ugly thing
 12601 | D:11     | Killed a white ugly thing
 12816 | D:11     | Noticed a brown ugly thing
 12828 | D:11     | Killed a brown ugly thing
 12994 | D:11     | Noticed a two-headed ogre
 12999 | D:11     | Paralysed by a floating eye for 2 turns
 13004 | D:11     | Killed a two-headed ogre
 13004 | D:11     | Reached XP level 12. HP: 61/72 MP: 6/12
 13008 | D:11     | Paralysed by a floating eye for 4 turns
 13013 | D:11     | Reached skill level 16 in Maces & Flails
 13067 | D:11     | Reached ****** piety under Okawaru
 13225 | D:11     | Noticed Erolcha
 13233 | D:11     | Killed Erolcha
 13586 | D:11     | Slain by a skeletal warrior

Illustrated notes

Levels and vault maps discovered:
D:1:      dpeg_arrival_erosion, layout_loops_corners
D:2:      layout_loops_ring, nicolae_ashenzari_panopticon
D:3:      layout_loops_ring, chequers_ecumenical_altar_simple
D:4:      layout_loops_corners, first_ration, enter_ossuary_4,
          uniq_crazy_yiuf_cottage
D:5:      layout_basic, nicolae_qazlal_eye_of_the_storm, uniq_edmund
D:6:      layout_basic, minmay_temple_entry_sparse_star, serial_shops,
          kennysheep_mini, kennysheep_crisscross
D:7:      layout_basic
D:8:      layout_basic, lemuel_coloured_pillars_altar,
          eat_drink_and_be_merry_uskayaw, enter_bailey_3, uniq_maurice
D:9:      layout_roguey, vehumet_crystals, lair_entry_dummy,
          gammafunk_ghost_spectres, blue_anna_alchemist [blue_anna_fruit_fields,
          blue_anna_fruit_fields], chequers_serial_rivers_small_3
D:10:     layout_grid_maze
D:11:     layout_stronghold, serial_column_ruins, column_ruins_square_medium,
          column_ruins_open_small, column_ruins_grid_1,
          column_ruins_columns_water, column_ruins_corridor_straight,
          column_ruins_columns_T, column_ruins_corridor_corner,
          column_ruins_corridor_corner, onia_ninara_cookie, uniq_erica,
          uniq_erolcha
D:12:     layout_layer_cave, orc_david_3
Temple:   regret_index_temple_mists

Skill      XL: |  1  2  3  4  5  6  7  8  9 10 11 12 |
---------------+-------------------------------------+-----
Maces & Flails | 3 4 5 6 7 9 11 13 14 15 16 | 16.5
Fighting       | 7 |  7.5
Shields        | 7 |  7.5
Armour         | |  3.2

Action                   |  1- 3 |  4- 6 |  7- 9 | 10-12 || total
-------------------------+-------+-------+-------+-------++-------
Melee: Flail             |   119 |   387 |   593 |   395 ||  1494
       Morningstar       |       |       |       |   263 ||   263
Invok: Heroism           |       |       |     1 |     1 ||     2
       Finesse           |       |       |       |     1 ||     1
Evoke: Wand              |       |       |     1 |     4 ||     5
       Phial of floods   |       |       |       |     1 ||     1
  Use: Potion            |       |     1 |     3 |     2 ||     6
       Scroll            |       |     4 |     9 |       ||    13
 Stab: Paralysed         |       |       |     6 |       ||     6
  Eat: Chunk             |     2 |    11 |     9 |    15 ||    37
       Ration            |       |       |     1 |     1 ||     2
Armor: Scale mail        |    79 |    12 |       |       ||    91
       Plate armour      |       |   225 |   250 |   199 ||   674
Dodge: Dodged            |    55 |    93 |   287 |   296 ||   731
Block: Kite shield       |    61 |   180 |   302 |   306 ||   849
